 Dungeon Crawl Stone Soup version 0.32-a0-768-g0f6f1dd4b9 (webtiles) character file.

Game seed: 16198193265852100475

2 Rohain the Sneak (level 1, 0/10 HPs)
             Began as a Vampire Enchanter on Mar 19, 2024.
             Constricted to death by a ball python (2 damage)
             ... on level 1 of the Dungeon.
             The game lasted 00:00:29 (194 turns).

Rohain the Sneak (Vampire Enchanter)                 Turns: 194, Time: 00:00:29

Health: 0/10       AC:  2    Str:  7    XL:     1   Next: 33%
Magic:  3/3        EV:  1    Int: 17    God:
Gold:   41         SH:  0    Dex: 14    Spells: 4/4 levels left

rFire   . . .        d - +0 dagger (elec)
rCold   + + .        (no shield)
rNeg    + + +        b - +0 robe
rPois   ∞            (no helmet)
rElec   .            (no cloak)
rCorr   .            (no gloves)
SInv    +            (no boots)
Will    .....        (no amulet)
Stlth   +++++        (no ring)
HPRegen 0.00/turn    (no ring)
MPRegen 0.08/turn

%: no passive effects
@: bloodless, inhibited regen, constricted
A: bloodless, fangs 3, see invisible, vampiric 1
a: Revivify


You were on level 1 of the Dungeon.
You visited 1 branch of the dungeon, and saw 1 of its levels.

You collected 41 gold pieces.

Inventory:

Hand Weapons
 a - a +1 dagger
 d - a +0 dagger of electrocution (weapon)
Armour
 b - a +0 robe (worn)
Jewellery
 e - a ring of protection from fire
Potions
 c - 2 potions of invisibility


   Skills:
 + Level 1.1 Short Blades
 + Level 2.2 Dodging
 * Level 4.5 Stealth
 + Level 2.0 Spellcasting
 + Level 4.4 Hexes


You had 4 spell levels left.
You didn't know any spells.
Your spell library contained the following spells:

 Spells                   Type           Power      Damage    Failure   Level
 Confusing Touch          Hex            16%        N/A       10%         3
 Tukima's Dance           Hex            16%        N/A       10%         3
 Ensorcelled Hibernation  Hex/Ice        18%        N/A       12%         2
 Dazzling Flash           Conj/Hex       18%        N/A       24%         3


Dungeon Overview and Level Annotations

Branches:
Dungeon (1/15)

Altars:


Innate Abilities, Weirdness & Mutations

You do not regenerate when monsters are visible.
You are frail without blood (-20% HP).
You can heal yourself when you bite living creatures.
You are immune to poison.
You have razor-sharp teeth.
You have supernaturally acute eyesight. (SInv)
You are afflicted with vampirism.


Message History

A rat is nearby!
You see here 4 gold pieces.
You hit the rat.
You kill the rat!
No target in view!
You now have 28 gold pieces (gained 4).
e - a ring of protection from fire You now have 41 gold pieces (gained 13).
A goblin comes into view. It is wielding a +0 dagger.
The goblin shouts!
A goblin is nearby!
The goblin hits you with a +0 dagger.
You closely miss the goblin. You bite the goblin.
You kill the goblin!
No target in view!
No target in view!
No target in view!
Found 5 poisoned darts.
You see here 5 poisoned darts.
Found 5 stones.
A hobgoblin comes into view.
A goblin comes into view. It is wielding a +0 dagger.
The goblin shouts!
The hobgoblin shouts!
You hear an angry hiss.
The goblin hits you but does no damage.
You hit the goblin but do no damage.
A ball python comes into view.
The goblin misses you. The hobgoblin closely misses you.
You closely miss the goblin. Your bite misses the goblin.
The goblin hits you with a +0 dagger. The hobgoblin hits you.
You completely miss the goblin.
A dart slug comes into view.
The goblin hits you with a +0 dagger. The hobgoblin hits you.
* * * LOW HITPOINT WARNING * * *
You are too injured to fight recklessly!
You are too injured to fight recklessly!
The hobgoblin attacks as it pursues you!
The hobgoblin barely misses you. The ball python bites you.
* * * LOW HITPOINT WARNING * * *
The ball python grabs you. The ball python constricts you.
You die...

###.. #.w.#
###...###
#.......###
#.........
#### ........
[..# #...#.#
##.# #gSg#.#
#.# ##@##.#
#.# #.##.#
#.# #.#.#.#
#.#
#.###..####.#
#.# .. ..#
##.....(# #.#
.# ###
###..######
#.# .# .#..##
#.# #.##
#.#.#
#.###...##
#.#.#


You could see a dart slug (wandering), a hobgoblin, a goblin and a ball python.

Vanquished Creatures
  2 goblins (D:1)
  A rat (D:1)
3 creatures vanquished.

Notes
Turn   | Place    | Note
-------+----------+-------------------------------------------
     0 | D:1      | Rohain the Vampire Enchanter began the quest for the Orb.
     0 | D:1      | Reached XP level 1. HP: 13/13 MP: 3/3
   194 | D:1      | Constricted to death by a ball python

Illustrated notes

Levels and vault maps discovered:
D:1:      dpeg_arrival_fog, layout_loops_ring

Action                     || total
---------------------------++-------
  Melee: Dagger            ||     8
         Bite              ||     1
Ability: Exsanguinate      ||     1
 Armour: Robe              ||     9
  Dodge: Dodged            ||     4

Table legend: (Time is in decaauts)
 A = Elapsed time spent in this place.
 B = Non-inter-level travel time spent in this place.
 C = Inter-level travel time spent in this place.
 D = Time resting spent in this place.
 E = Time spent auto-exploring this place.
 F = Levels seen in this place.
 G = Mean time per level.
                   A        B        C        D        E       F      G
               +--------+--------+--------+--------+--------+-----+--------+
         Total |    193 |    193 |      0 |      0 |    158 |   1 |  193.0 |
       Dungeon |    193 |    193 |      0 |      0 |    158 |   1 |  193.0 |
               +--------+--------+--------+--------+--------+-----+--------+

Top non-repeatable levels by time:
     D:1: 193 daAuts
